cohdb
Replays
Latest Replays
All Replays
Popular Replays
Top Player Replays
Match Explorer
How It Works
Community
CoH3 Stats
Reddit
Sign in to upload your games and track your stats! →
Sign in with Steam
Match 40887404
Unlisted
Match 40887404
Overview
Messages
Build Orders
End
Selects Airborne Battlegroup
Selects Pathfinders
Pathfinder Squad
Construct Weapon Support Center
M1919 Machine Gun Team
Bazooka Squad
Infantry Support Center
Selects Paratrooper Squad Paradrop
Paratrooper Squad Paradrop
M3 Armored Personnel Carrier
AI Takeover
Pwnbot
!!!!!!!!!!!!
FlagHeros
VRRRR
Cpt. Colter Stevens
kenleung
mbkm
小小黑
0
0
Comments
sign in to comment!
No comments posted yet!